 Dungeon Crawl Stone Soup version 0.16.0-16-g311141a (console) character file.

250 gw the Cutter (level 6, -1/41 HPs)
             Began as a Halfling Gladiator on Mar 19, 2015.
             Slain by a hobgoblin (4 damage)
             ... led by Robin
             ... on level 4 of the Dungeon.
             The game lasted 00:04:12 (3448 turns).

gw the Cutter (Halfling Gladiator)                  Turns: 3448, Time: 00:04:12

Health: -1/41      AC:  9    Str: 15    XL:     6   Next: 35%
Magic:  6/6        EV: 14    Int:  7    God:
Gold:   263        SH:  0    Dex: 17    Spells: 0 memorised, 5 levels left

rFire  . . .     SeeInvis .     a - +1 rapier
rCold  . . .     Clarity  .     c - +0 ring mail
rNeg   . . .     SustAb   .     (no shield)
rPois  .         Gourm    .     l - +2 helmet
rElec  .         Spirit   .     (no cloak)
rCorr  .         Warding  .     (no gloves)
rMut   .         Stasis   .     e - +0 pair of boots
MR     .....                    (no amulet)
Stlth  +.........               (no ring)
                                (no ring)

@: lethally poisoned (-1 -> -13), not resistant to hostile enchantments, very
unstealthy
A: mutation resistance 1
a: no special abilities


You were on level 4 of the Dungeon.
You were not hungry.

You visited 1 branch of the dungeon, and saw 4 of its levels.

You collected 263 gold pieces.

Inventory:

Hand weapons
 a - a +1 rapier (weapon)
 b - a +0 hunting sling
Missiles
 d - 3 throwing nets
 i - 127 stones (quivered)
 q - 48 sling bullets
Armour
 c - a +0 ring mail (worn)
 e - a +0 pair of boots (worn)
 l - a +2 helmet (worn)
Scrolls
 g - 2 scrolls of remove curse
 k - 4 scrolls of identify
Potions
 h - a potion of invisibility
Comestibles
 f - 6 bread rations
 n - 2 meat rations
 s - a beef jerky


   Skills:
 + Level 2.9 Fighting
 * Level 6.4 Short Blades
 + Level 3.2(3.8) Slings
 - Level 2.6(3.3) Throwing
 + Level 2.6 Armour
 - Level 3.2 Dodging


You had 5 spell levels left.
You didn't know any spells.

Dungeon Overview and Level Annotations

Branches:
Dungeon (4/15)
 Temple: D:4-7

Altars:
Elyvilon
Fedhas

Shops:
D:4 (

Annotations:
D:3 exclusion: downstairs


Innate Abilities, Weirdness & Mutations

You are small and have problems with some larger weapons.
You are somewhat resistant to further mutation.


Message History

Unknown command.
Unknown command.
ATTACK MOVE TO (1,-1)
You hit Robin!
Robin is severely wounded.
The scorpion closely misses you.
You hear some strange, mumbled words.
The magic dart hits you! The hobgoblin hits you. Robin barely misses you.
Unknown command.
Unknown command.
Unknown command.
Unknown command.
ATTACK MOVE TO (1,-1)
You puncture Robin!
You kill Robin!
The scorpion stings you.
You are lethally poisoned!
The scorpion poisons you! Something hits you but does no damage.
The hobgoblin hits you.
You die...

## #. ##. ## #### #.###
#.#### ....##...##
##..#..
...##.....###..# .#
#..##...#.....###.#
...#....###..###))##
##......# #....)ps.#
#......#
#....))g......#
##....###..............
#.............>.......
##.....................
##......##.............
#.......###..(........
........# ##.........
.........# #.....


You could see a scorpion and a hobgoblin (frenzied).

Table legend:
 A = Turns spent in this place as a percentage of turns spent in the entire game.
 B = Non-inter-level travel turns spent in this place as a percentage of non-inter-level travel turns spent in the entire game.
 C = Inter-level travel turns spent in this place as a percentage of turns spent in this place.
 D = Turns resting spent in this place as a percentage of non-inter-level travel turns spent in this place.
 E = Turns spent auto-exploring this place as a percentage of non-inter-level travel turns spent in this place.
 F = Non-inter-level travel turns spent in this place divided by the number of levels of this place that you've seen.
                   A       B       C       D       E      F
               +-------+-------+-------+-------+-------+----------------------
         Total | 100.0 | 100.0 |   0.4 |   0.4 |   2.6 | 1378.0
       Dungeon | 100.0 | 100.0 |   0.4 |   0.4 |   2.6 | 1378.0
               +-------+-------+-------+-------+-------+----------------------

Table legend:
 A = Kills in this place as a percentage of kills in entire the game.
 B = Kills by you in this place as a percentage of kills by you in the entire game.
 C = Kills by friends in this place as a percentage of kills by friends in the entire game.
 D = Other kills in this place as a percentage of other kills in the entire game.
 E = Experience gained in this place as a percentage of experience gained in the entire game.
 F = Experience gained in this place divided by the number of levels of this place that you have seen.
                   A       B       C       D       E      F
               +-------+-------+-------+-------+-------+----------------------
         Total | 100.0 | 100.0 |  -nan |  -nan | 100.0 |  89.5
       Dungeon | 100.0 | 100.0 |  -nan |  -nan | 100.0 |  89.5
               +-------+-------+-------+-------+-------+----------------------

Vanquished Creatures
  A jelly (D:3)
  A crimson imp (D:4)
  A centaur skeleton (D:4)
  A mummy (D:3)
  Robin (D:4)
  4 adders (D:3)
  2 worms
  A giant gecko (D:3)
  2 oozes (D:2)
  7 orcs
  A ball python (D:3)
  2 giant cockroaches
  15 goblins
  8 hobgoblins
  3 jackals (D:4)
  A quokka (D:4)
  2 bats
  3 giant newts
  8 kobolds
  A quokka skeleton (D:4)
  8 rats
  2 toadstools (D:1)
75 creatures vanquished.

Vanquished Creatures (others)
  12 toadstools (D:1)
12 creatures vanquished.

Grand Total: 87 creatures vanquished

Notes
Turn   | Place    | Note
--------------------------------------------------------------
     0 | D:1      | gw, the Halfling Gladiator, began the quest for the Orb.
     0 | D:1      | Reached XP level 1. HP: 14/14 MP: 1/1
   445 | D:1      | Reached XP level 2. HP: 19/19 MP: 2/2
  1406 | D:2      | Reached XP level 3. HP: 24/24 MP: 3/3
  1701 | D:2      | Found a white marble altar of Elyvilon.
  1791 | D:2      | Reached skill level 1 in Armour
  2034 | D:3      | Reached skill level 5 in Short Blades
  2034 | D:3      | Reached XP level 4. HP: 24/30 MP: 4/4
  2035 | D:3      | Reached skill level 1 in Slings
  2540 | D:3      | Reached XP level 5. HP: 35/35 MP: 5/5
  2594 | D:3      | Found a blossoming altar of Fedhas.
  3113 | D:4      | Noticed a sky beast
  3148 | D:3      | Reached skill level 6 in Short Blades
  3148 | D:3      | Reached XP level 6. HP: 27/41 MP: 6/6
  3341 | D:4      | Found Criosaot's Antique Weapon Shoppe.
  3420 | D:4      | Noticed Robin
  3448 | D:4      | Killed Robin
  3448 | D:4      | Slain by a hobgoblin

Action                   |  1- 3 |  4- 6 || total
-------------------------+-------+-------++-------
Melee: Rapier            |    59 |    80 ||   139
 Fire: Hunting sling     |    30 |    63 ||    93
  Use: Scroll            |     8 |     4 ||    12
       Potion            |     5 |     3 ||     8
  Eat: Chunk             |     3 |     5 ||     8

Vault maps used:
D:1:      nagdon_arrival_zigzag_paths
D:2:      nicolae_overflow_hidden_temple, serial_forest,
          infiniplex_forest_side_room, infiniplex_forest_clump_double,
          infiniplex_forest_straight_5, infiniplex_forest_zigzag_2,
          infiniplex_forest_clump_double, infiniplex_forest_end_3,
          infiniplex_forest_end_2
D:3:      first_bread, fedhas_altar_1
D:4:      serial_shops, shop, uniq_robin, uniq_menkaure
